Map: Dusk Towers

Players

LilDicky

  • Race: Terran Terran
  • League: Diamond

BlackAce - Winner!

  • Race: Protoss Protoss
  • League: Diamond

VOD

http://www.twitch.tv/tumescentpie

Description

Time

  • Played on: Nov. 22, 2015, 7:35 p.m.
  • Length: 7:42
Show
View Real Time Build Order
Export as new Build Order

LilDicky Terran 

Build Orders: MMM Bio 

Get SALT Encoding   

  12  0:01  SCV  
  13  0:14  SCV  
  14  0:18  Supply Depot  
  14  0:26  SCV  
  15  0:39  SCV  
  15  0:41  Barracks  
  16  0:46  Refinery  
  16  0:50  Refinery  
  16  0:54  SCV  
  17  1:06  SCV  
  18  1:18  SCV  
  19  1:32  Orbital Command  
  19  1:45  Marine  
  20  1:54  Supply Depot  
  20  1:58  SCV  
  21  2:02  Factory  
  21  2:03  Marine  
  22  2:10  SCV  
  23  2:21  Marine  
  24  2:25  Barracks  
  24  2:27  SCV  
  24  2:28  Barracks  
  25  2:39  SCV  
  25  2:41  Marine  
  28  2:51  SCV  
  28  3:03  SCV  
  28  3:04  Barracks Reactor  
  29  3:08  Widow Mine  
  31  3:14  Supply Depot, Barracks Tech Lab  
  31  3:15  Barracks Tech Lab  
  31  3:18  Supply Depot  
  31  3:29  SCV  
  31  3:37  Marauder x2  
  33  3:44  Combat Shields, Stimpack  
  33  3:45  Marine  
  33  3:46  Marine  
  33  3:47  SCV  
  36  3:58  Marauder x2  
  36  3:59  SCV  
  36  4:00  Widow Mine  
  42  4:03  Marine  
  42  4:04  Marine  
  44  4:11  SCV  
  44  4:12  Supply Depot  
  45  4:19  Marauder  
  45  4:46  Factory  
  45  4:49  Marine  
  45  4:50  Command Center  
  45  4:51  Marine x2  
  45  4:52  SCV  
  48  4:57  Marine  
  49  5:04  SCV  
  50  5:07  Marine  
  50  5:09  Marine x2  
  53  5:15  Marine  
  53  5:16  Supply Depot  
  49  5:57  Marine x2  
  49  5:58  Marauder x2  
  36  6:14  Marine  
  36  6:15  Marine  
  33  6:19  Orbital Command  
  33  6:21  Marine x2  
  31  6:26  Factory Reactor  
  31  6:31  SCV  
  31  6:32  Marine x2  
  32  6:38  Concussive Shells  
  32  6:39  Marauder, Marine  
  37  6:50  Marine  
  37  6:53  Starport  
  25  7:03  SCV x2, Marine  
  25  7:09  Marine  
  28  7:19  SCV  
  28  7:21  SCV  
Show
View Real Time Build Order
Export as new Build Order

BlackAce Protoss - Winner!

Build Orders: 1 Gate Expand 

Get SALT Encoding   

  12  0:02  Probe (Chrono Boost)  
  13  0:12  Probe (Chrono Boost)  
  14  0:18  Pylon  
  14  0:23  Probe (Chrono Boost)  
  15  0:36  Probe (Chrono Boost)  
  15  0:41  Gateway  
  16  0:47  Probe (Chrono Boost)  
  17  0:50  Assimilator  
  17  0:58  Probe (Chrono Boost)  
  18  1:09  Probe (Chrono Boost)  
  19  1:19  Probe (Chrono Boost)  
  20  1:27  Nexus  
  20  1:30  Probe (Chrono Boost)  
  21  1:40  Probe (Chrono Boost)  
  21  1:43  Cybernetics Core  
  22  1:51  Probe (Chrono Boost)  
  22  1:52  Assimilator  
  23  2:00  Pylon  
  23  2:16  Warp Gate (Chrono Boost)  
  23  2:18  Probe (Chrono Boost)  
  23  2:20  Adept (Chrono Boost)  
  26  2:30  Mothership Core  
  28  2:38  Probe  
  28  2:42  Pylon  
  29  2:47  Twilight Council  
  29  2:49  Probe  
  30  2:51  Probe  
  30  2:53  Adept (Chrono Boost)  
  33  3:00  Probe  
  33  3:02  Pylon  
  34  3:10  Pylon  
  34  3:13  Probe  
  34  3:14  Probe  
  34  3:18  Assimilator  
  36  3:35  Probe  
  36  3:36  Probe, Robotics Facility  
  38  3:41  Resonating Glaives (Chrono Boost)  
  38  3:47  Probe  
  39  3:48  Probe  
  40  3:59  Probe  
  40  4:00  Probe  
  40  4:02  Adept  
  44  4:11  Probe  
  44  4:13  Probe, Gateway  
  44  4:14  Gateway  
  46  4:23  Probe  
  47  4:29  Probe  
  44  4:33  Gateway, Warp Prism (Chrono Boost)  
  44  4:36  Gateway  
  46  4:43  Gateway  
  46  4:48  Assimilator  
  46  4:55  Gateway  
  46  5:01  Probe x2  
  46  5:04  Adept  
  50  5:15  Pylon  
  50  5:25  Adept  
  50  5:26  Adept x2  
  54  5:47  Adept x2  
  54  5:48  Adept  
  58  5:54  Adept x2  
  49  6:31  Probe  
  48  6:33  Pylon  
  48  6:35  Robotics Facility  
  48  6:36  Gateway  
  46  6:42  Adept  
  46  6:43  Adept x4  
  46  6:45  Nexus  
  56  6:47  Pylon  
  56  6:54  Pylon  
  56  7:00  Gateway  
  52  7:02  Pylon  
  50  7:09  Adept  
  50  7:10  Adept x4  
  58  7:19  Adept  
  58  7:20  Adept  
  60  7:24  Pylon  
  60  7:26  Gateway x2  
  60  7:28  Forge  
  58  7:30  Pylon  
  54  7:38  Adept x4  
Tags
 
Add a new tag
Caveats
  • Supply blocks, unpowered buildings, or Contaminate may cause inaccurate times.
  • Supply counts are checked every 10 seconds.